Blues vs Blue Jackets

Created - 19 décembre 2021 at 15:58

Goals
1 2 3 T
Blues 1 0 1 2
Blue Jackets 2 2 0 4
Shots
1 2 3 T
Blues 10 11 6 27
Blue Jackets 10 13 6 29

GoalsPenalties
1st period
1. Blue Jackets , Steven Stamkos 19 (Ryan O'Reilly 31, David Savard 15) at 7:45 (PP)
2. Blues , Valeri Nichushkin 11 (Ross Colton 4, Anthony DeAngelo 17) at 11:22 (PP)
3. Blue Jackets , Steven Stamkos 20 (Artturi Lehkonen 6, Ryan McDonagh 17) at 19:21
Nathan Bastian (STL) for Hooking (Minor) at 7:39
Chris Kreider (CLB) for Slashing (Minor) at 10:52
Mike Matheson (CLB) for Tripping (Minor) at 17:14
2nd period
4. Blue Jackets , Anthony Cirelli 13 (T.J. Oshie 12, Erik Cernak 10) at 0:46
5. Blue Jackets , Steven Stamkos 21 (Ryan McDonagh 18, John Gibson) at 7:39
Chris Kreider (CLB) for Hooking (Minor) at 13:48
Chris Kreider (CLB) for Tripping (Minor) at 16:07
Cedric Paquette (CLB) for Hooking (Minor) at 16:37
3rd period
6. Blues , Mikael Granlund 15 (Adam Fox 23) at 3:24
Erik Cernak (CLB) for High sticking (Minor) at 7:59
Goalie Stats
Pavel Francouz (STL), 15 saves from 19 shots - (0,789), L, 9-13-0, 27:39 minutes
Thomas Greiss (STL), 10 saves from 10 shots - (1,000), 32:21 minutes
John Gibson (CLB), 25 saves from 27 shots - (0,926), W, 13-7-2, 60:00 minutes
3 StarsOfficial
1 - Steven Stamkos (CLB)
2 - David Savard (CLB)
3 - Anthony Cirelli (CLB)
Referees : Graham Skiliter and Marc Joannette
Linesman : Mark Wheler and Darren Gibbs
Game Note
Steven Stamkos has scored a Hat Trick!
Thomas Greiss enters game at 7:39 of 2nd period
Finance
Level 1 -- Attendance: 4445 (88,90%) -- Ticket Income 386 715 $
Level 2 -- Attendance: 3538 (88,45%) -- Ticket Income 194 590 $
Level 3 -- Attendance: 2849 (94,97%) -- Ticket Income 96 866 $
Level 4 -- Attendance: 4000 (100,00%) -- Ticket Income 84 000 $
Luxury Box -- Attendance: 899 (89,90%) -- Ticket Income 146 537 $
Game was played at the Nationwide Arena.
Total Attendance: 15731 (92,54%)
Total Ticket Income: 908 708 $
Other Income: 445 267 $
Total Income: 1 353 975 $



Team Name Goals Shots Shots Attemp Shots Blocked PIM HIT PP PK FO%
Blues 2275852271 / 6 (17%)147%
Blue Jackets 429601212181 / 1 (100%)153%

Blues
Player Name POS G A P +/- PIM HIT SHT SB MP PP MP PP SHT PK MP PK SHT FO% FOT
Adam FoxD0111003021:554:5320:0000% 0
Alex DeBrincatLW/RW0000001018:593:3010:000100% 1
Anthony DeAngeloD011-2015220:454:0320:0600% 0
Brendan LemieuxLW/RW0000020015:290:0000:0000% 1
Calvin de HaanD000-2011120:454:0310:0600% 0
Colin BlackwellC000-100117:240:0000:000100% 1
Connor MurphyD0001062021:554:5310:0000% 0
Evan RodriguesC/LW/RW0000000012:250:1100:00056% 16
Mason AppletonC/LW/RW000-100007:240:0000:00033% 9
Mats ZuccarelloRW000-1012021:065:1510:000100% 1
Michael Del ZottoD000-1020017:200:0000:0000% 0
Mikael GranlundC/LW/RW1010012120:174:4800:00036% 33
Mike HoffmanLW/RW000-1013020:394:4800:000100% 1
Nathan BastianRW000-122107:230:0000:0000% 0
Roman PolakD000-1031017:200:0000:0000% 0
Ross ColtonC/LW/RW0110021016:284:0800:06063% 8
Tyson JostC/LW000-1041015:510:0000:00050% 20
Valeri NichushkinLW/RW1010013016:284:0820:0600% 0
Blue Jackets
Player Name POS G A P +/- PIM HIT SHT SB MP PP MP PP SHT PK MP PK SHT FO% FOT
Anthony CirelliC1010011016:500:0000:51052% 21
Artturi LehkonenLW/RW0110022014:230:0003:51050% 2
Cedric PaquetteC/RW0000210013:570:0003:25057% 21
Chris KreiderLW/RW0002633017:320:0600:0000% 1
David SavardD0110050323:250:0604:2800% 0
Erik CernakD0111223020:230:0002:3400% 0
Joel ArmiaRW0000003211:530:0001:2100% 2
Mathieu JosephRW000000006:580:0000:000100% 2
Matt MartinLW/RW000001006:580:0000:0000% 0
Mike MathesonD0001203314:560:0600:4700% 0
Nikita ZaitsevD0001000121:440:0003:4100% 0
Oliver BjorkstrandLW/RW0000013019:230:0003:2400% 2
Ryan McDonaghD0220001223:570:0005:0600% 0
Ryan O'ReillyC0112002017:350:0600:00057% 21
Steven LorentzC/LW0000000010:280:0003:30042% 12
Steven StamkosC/LW/RW3032004017:350:0610:000100% 1
T.J. OshieLW/RW0110014015:590:0000:00067% 6
Zach WhitecloudD0001010115:330:0001:1600% 0

Blues

5 vs 5 Forward
Line #Left WingCenterRight WingPHYDFOFWanted %Time %Time Play
1Brendan LemieuxMikael GranlundAlex DeBrincat0233030%15:29
2Mike HoffmanTyson JostMats Zuccarello0233031%15:51
3Valeri NichushkinEvan RodriguesRoss Colton0322424%12:14
4Colin BlackwellMason AppletonNathan Bastian0321615%7:24
5 vs 5 Defense
Line #DefenseDefensePHYDFOFWanted %Time %Time Play
1Adam FoxConnor Murphy0323433%17:02
2Calvin de HaanAnthony DeAngelo0233333%16:36
3Michael Del ZottoRoman Polak0323334%17:20
4Adam FoxConnor Murphy03200%0:00
Power Play Forward
Line #Left WingCenterRight WingPHYDFOFWanted %Time %Time Play
1Mike HoffmanMikael GranlundMats Zuccarello0055054%4:48
2Valeri NichushkinRoss ColtonAlex DeBrincat0055046%4:08
Power Play Defense
Line #DefenseDefensePHYDFOFWanted %Time %Time Play
1Adam FoxConnor Murphy0235055%4:53
2Calvin de HaanAnthony DeAngelo0235045%4:03
Penalty Kill 4 Players Forward
Line #CenterWingPHYDFOFWanted %Time %Time Play
1Colin BlackwellNathan Bastian032500%0:00
2Ross ColtonValeri Nichushkin03250100%0:06
Penalty Kill 4 Players Defense
Line #DefenseDefensePHYDFOFWanted %Time %Time Play
1Adam FoxRoman Polak032500%0:00
2Calvin de HaanAnthony DeAngelo03250100%0:06
Penalty Kill 3 Players
Line #WingPHYDFOFWanted %Time %Time PlayDefenseDefensePHYDFOFWanted %Time %Time Play
1Evan Rodrigues041500%0:00 Adam FoxRoman Polak032500%0:00
2Ross Colton041500%0:00 Calvin de HaanAnthony DeAngelo032500%0:00
4 vs 4 Forward
Line #CenterWingPHYDFOFWanted %Time %Time Play
1Mikael GranlundAlex DeBrincat023500%0:00
2Mason AppletonMike Hoffman023500%0:00
4 vs 4 Defense
Line #DefensePHYDFOFWanted %Time %Time Play
1Adam FoxConnor Murphy032500%0:00
2Calvin de HaanAnthony DeAngelo032500%0:00
Last Minutes Offensive
Left WingCenterRight WingDefenseDefense
Mike HoffmanTyson JostAlex DeBrincatAdam FoxAnthony DeAngelo
Last Minutes Defensive
Left WingCenterRight WingDefenseDefense
Evan RodriguesMikael GranlundValeri NichushkinRoman PolakConnor Murphy
Time
Total ForwardTotal DefenseLast Minutes OffensiveLast Minutes Defensive
60:00 60:00 0:000:00
Extra Forwards
Normal PowerPlayPenalty Kill
Colin Blackwell, Nathan Bastian, Valeri NichushkinMike Hoffman, Alex DeBrincatColin Blackwell
Extra Defensemen
Normal PowerPlayPenalty Kill
Michael Del Zotto, Adam Fox, Calvin de HaanMichael Del Zotto, Connor MurphyCalvin de Haan
Penalty Shots
Mike Hoffman, Alex DeBrincat, Valeri Nichushkin, Mikael Granlund, Mats Zuccarello
Goalie
Pavel Francouz, Thomas Greiss
Custom OT Lines Forwards
Mike Hoffman, Alex DeBrincat, Valeri Nichushkin, Mikael Granlund, Mats Zuccarello, Mason Appleton, Colin Blackwell, Nathan Bastian, Evan Rodrigues, Ross Colton
Custom OT Lines Defensemen
Adam Fox, Connor Murphy, Calvin de Haan, Anthony DeAngelo, Michael Del Zotto
Scratches
Brett Kulak (Healthy), Will Butcher (Healthy), Robert Bortuzzo (Healthy)

Blue Jackets

5 vs 5 Forward
Line #Left WingCenterRight WingPHYDFOFWanted %Time %Time Play
1Chris KreiderRyan O'ReillySteven Stamkos0143434%17:29
2Oliver BjorkstrandAnthony CirelliT.J. Oshie0143231%15:59
3Joel ArmiaCedric PaquetteArtturi Lehkonen0232021%10:32
4Matt MartinSteven LorentzMathieu Joseph1221414%6:58
5 vs 5 Defense
Line #DefenseDefensePHYDFOFWanted %Time %Time Play
1Ryan McDonaghDavid Savard0324037%18:51
2Erik CernakNikita Zaitsev0323835%17:50
3Mike MathesonZach Whitecloud0412228%14:04
4Zach WhitecloudNikita Zaitsev12200%0:13
Power Play Forward
Line #Left WingCenterRight WingPHYDFOFWanted %Time %Time Play
1Chris KreiderRyan O'ReillySteven Stamkos00560100%0:06
2Oliver BjorkstrandAnthony CirelliT.J. Oshie005400%0:00
Power Play Defense
Line #DefenseDefensePHYDFOFWanted %Time %Time Play
1Ryan McDonaghNikita Zaitsev032500%0:00
2David SavardMike Matheson03250100%0:06
Penalty Kill 4 Players Forward
Line #CenterWingPHYDFOFWanted %Time %Time Play
1Cedric PaquetteArtturi Lehkonen0505052%3:51
2Steven LorentzOliver Bjorkstrand0505048%3:36
Penalty Kill 4 Players Defense
Line #DefenseDefensePHYDFOFWanted %Time %Time Play
1Ryan McDonaghDavid Savard1405051%3:46
2Nikita ZaitsevErik Cernak1405049%3:41
Penalty Kill 3 Players
Line #WingPHYDFOFWanted %Time %Time PlayDefenseDefensePHYDFOFWanted %Time %Time Play
1Cedric Paquette0505061%0:54 Ryan McDonaghDavid Savard0505047%0:42
2Anthony Cirelli0505039%0:35 Zach WhitecloudMike Matheson0505053%0:47
4 vs 4 Forward
Line #CenterWingPHYDFOFWanted %Time %Time Play
1Ryan O'ReillyMathieu Joseph023500%0:00
2Anthony CirelliOliver Bjorkstrand023500%0:00
4 vs 4 Defense
Line #DefensePHYDFOFWanted %Time %Time Play
1Ryan McDonaghMike Matheson131500%0:00
2David SavardErik Cernak131500%0:00
Last Minutes Offensive
Left WingCenterRight WingDefenseDefense
Chris KreiderRyan O'ReillySteven StamkosRyan McDonaghDavid Savard
Last Minutes Defensive
Left WingCenterRight WingDefenseDefense
Artturi LehkonenAnthony CirelliJoel ArmiaRyan McDonaghDavid Savard
Time
Total ForwardTotal DefenseLast Minutes OffensiveLast Minutes Defensive
60:00 60:00 0:000:00
Extra Forwards
Normal PowerPlayPenalty Kill
Mathieu Joseph, Steven Stamkos, Oliver BjorkstrandMathieu Joseph, Steven StamkosJoel Armia
Extra Defensemen
Normal PowerPlayPenalty Kill
David Savard, Erik Cernak, Zach WhitecloudNikita Zaitsev, Ryan McDonaghZach Whitecloud
Penalty Shots
Ryan O'Reilly, Anthony Cirelli, Steven Stamkos, Chris Kreider, Mathieu Joseph
Goalie
John Gibson, Chris Driedger
Custom OT Lines Forwards
Steven Stamkos, Mathieu Joseph, Anthony Cirelli, Chris Kreider, Ryan O'Reilly, T.J. Oshie, Oliver Bjorkstrand, Joel Armia, Matt Martin, Steven Lorentz
Custom OT Lines Defensemen
Ryan McDonagh, David Savard, Mike Matheson, Erik Cernak, Nikita Zaitsev
Scratches
Brent Seabrook (Healthy), Sam Carrick (Healthy)


Play-by-Play

1st period


0:01 of 1st period - Ryan O'Reilly wins face-off versus Brendan Lemieux in neutral zone.
0:08 of 1st period - Shot by Ryan O'Reilly.
0:08 of 1st period - Shot Misses the Net.
0:11 of 1st period - Icing by Connor Murphy.
0:12 of 1st period - Anthony Cirelli wins face-off versus Mikael Granlund in Blues zone.
0:12 of 1st period - Anthony Cirelli is hit by Connor Murphy.
0:15 of 1st period - Oliver Bjorkstrand is hit by Connor Murphy.
0:17 of 1st period - Shot by T.J. Oshie.
0:17 of 1st period - Stopped by Pavel Francouz without a rebound.
0:18 of 1st period - Cedric Paquette wins face-off versus Tyson Jost in Blues zone.
1:33 of 1st period - Anthony Cirelli is hit by Ross Colton and loses puck.
1:44 of 1st period - Shot by Ross Colton.
1:44 of 1st period - Shot Misses the Net.
1:46 of 1st period - Shot by Roman Polak.
1:46 of 1st period - Stopped by John Gibson without a rebound.
1:47 of 1st period - Ryan O'Reilly wins face-off versus Mason Appleton in Blue Jackets zone.
1:47 of 1st period - Ryan O'Reilly is hit by Nathan Bastian.
1:50 of 1st period - David Savard is hit by Nathan Bastian and loses puck.
1:59 of 1st period - Shot by Colin Blackwell.
1:59 of 1st period - Deflect By Mason Appleton.
1:59 of 1st period - Shot Misses the Net.
2:01 of 1st period - Shot by Adam Fox.
2:01 of 1st period - Stopped by John Gibson with a rebound.
2:03 of 1st period - Shot by Adam Fox.
2:03 of 1st period - Shot Blocked by Ryan McDonagh.
2:05 of 1st period - Shot by Colin Blackwell.
2:05 of 1st period - Deflect By Nathan Bastian.
2:05 of 1st period - Stopped by John Gibson without a rebound.
2:06 of 1st period - Mikael Granlund wins face-off versus Steven Lorentz in Blue Jackets zone.
2:23 of 1st period - Shot by Brendan Lemieux.
2:23 of 1st period - Shot Misses the Net.
2:25 of 1st period - Shot by Mikael Granlund.
2:25 of 1st period - Shot Misses the Net.
3:17 of 1st period - Shot by Steven Stamkos.
3:17 of 1st period - Deflect By Chris Kreider.
3:17 of 1st period - Stopped by Pavel Francouz without a rebound.
3:18 of 1st period - Anthony Cirelli wins face-off versus Mason Appleton in Blues zone.
3:20 of 1st period - T.J. Oshie is hit by Connor Murphy and loses puck.
3:33 of 1st period - Shot by Colin Blackwell.
3:33 of 1st period - Shot Misses the Net.
3:35 of 1st period - Shot by Connor Murphy.
3:35 of 1st period - Shot Misses the Net.
3:39 of 1st period - Shot by Mason Appleton.
3:39 of 1st period - Shot Blocked by Zach Whitecloud.
4:16 of 1st period - Shot by Anthony DeAngelo.
4:16 of 1st period - Shot Misses the Net.
4:36 of 1st period - Shot by Anthony DeAngelo.
4:36 of 1st period - Stopped by John Gibson with a rebound.
5:15 of 1st period - Shot by Mats Zuccarello.
5:15 of 1st period - Shot Blocked by Mike Matheson.
5:17 of 1st period - Shot by Roman Polak.
5:17 of 1st period - Shot Misses the Net.
5:19 of 1st period - Shot by Tyson Jost.
5:19 of 1st period - Stopped by John Gibson without a rebound.
5:20 of 1st period - Ryan O'Reilly wins face-off versus Mikael Granlund in Blue Jackets zone.
6:32 of 1st period - Shot by Tyson Jost.
6:32 of 1st period - Shot Misses the Net.
6:49 of 1st period - Icing by Ryan McDonagh.
6:50 of 1st period - Evan Rodrigues wins face-off versus Cedric Paquette in Blue Jackets zone.
7:07 of 1st period - Shot by Valeri Nichushkin.
7:07 of 1st period - Shot Misses the Net.
7:19 of 1st period - Shot by Ross Colton.
7:19 of 1st period - Stopped by John Gibson without a rebound.
7:20 of 1st period - Steven Lorentz wins face-off versus Mason Appleton in Blue Jackets zone.
7:39 of 1st period - Minor Penalty to Nathan Bastian for Hooking.
7:40 of 1st period - Ryan O'Reilly wins face-off versus Ross Colton in Blues zone.
7:45 of 1st period - Shot by Steven Stamkos.
7:45 of 1st period - Goal by Steven Stamkos - Blues : 0 - Blue Jackets : 1.
7:46 of 1st period - Tyson Jost wins face-off versus Ryan O'Reilly in neutral zone.
8:02 of 1st period - Icing by Steven Stamkos.
8:03 of 1st period - Mikael Granlund wins face-off versus Ryan O'Reilly in Blue Jackets zone.
8:15 of 1st period - Steven Stamkos is hit by Roman Polak and loses puck.
8:41 of 1st period - Steven Stamkos is hit by Michael Del Zotto and loses puck.
9:08 of 1st period - Shot by Erik Cernak.
9:08 of 1st period - Stopped by Pavel Francouz without a rebound.
9:09 of 1st period - Tyson Jost wins face-off versus Anthony Cirelli in Blues zone.
9:15 of 1st period - Off-side.
9:16 of 1st period - Cedric Paquette wins face-off versus Evan Rodrigues in neutral zone.
9:27 of 1st period - Shot by Artturi Lehkonen.
9:27 of 1st period - Stopped by Pavel Francouz without a rebound.
9:28 of 1st period - Anthony Cirelli wins face-off versus Tyson Jost in Blues zone.
9:40 of 1st period - Off-side.
9:41 of 1st period - Evan Rodrigues wins face-off versus Ryan O'Reilly in neutral zone.
9:49 of 1st period - Icing by Ryan McDonagh.
9:50 of 1st period - Mats Zuccarello wins face-off versus Ryan O'Reilly in Blue Jackets zone.
10:12 of 1st period - Off-side.
10:13 of 1st period - Mason Appleton wins face-off versus T.J. Oshie in neutral zone.
10:42 of 1st period - Shot by Colin Blackwell.
10:42 of 1st period - Stopped by John Gibson without a rebound.
10:43 of 1st period - Evan Rodrigues wins face-off versus Cedric Paquette in Blue Jackets zone.
10:44 of 1st period - Shot by Anthony DeAngelo.
10:44 of 1st period - Deflect By Valeri Nichushkin.
10:44 of 1st period - Shot Hit the Post.
10:51 of 1st period - Off-side.
10:52 of 1st period - Tyson Jost wins face-off versus Ryan O'Reilly in neutral zone.
10:52 of 1st period - Minor Penalty to Chris Kreider for Slashing.
10:53 of 1st period - Cedric Paquette wins face-off versus Mikael Granlund in Blue Jackets zone.
11:10 of 1st period - Shot by Connor Murphy.
11:10 of 1st period - Stopped by John Gibson without a rebound.
11:11 of 1st period - Ross Colton wins face-off versus Artturi Lehkonen in Blue Jackets zone.
11:16 of 1st period - Shot by Anthony DeAngelo.
11:16 of 1st period - Shot Hit the Post.
11:18 of 1st period - Shot by Valeri Nichushkin.
11:18 of 1st period - Shot Blocked by David Savard.
11:20 of 1st period - Shot by Ross Colton.
11:20 of 1st period - Shot Blocked by David Savard.
11:22 of 1st period - Shot by Valeri Nichushkin.
11:22 of 1st period - Goal by Valeri Nichushkin - Blues : 1 - Blue Jackets : 1.
11:23 of 1st period - Ryan O'Reilly wins face-off versus Tyson Jost in neutral zone.
11:23 of 1st period - Ryan O'Reilly is hit by Tyson Jost.
12:28 of 1st period - Anthony DeAngelo is hit by David Savard and loses puck.
12:39 of 1st period - Shot by Artturi Lehkonen.
12:39 of 1st period - Shot Blocked by Anthony DeAngelo.
12:41 of 1st period - Shot by Cedric Paquette.
12:41 of 1st period - Shot Misses the Net.
12:45 of 1st period - Shot by Joel Armia.
12:45 of 1st period - Shot Misses the Net.
12:49 of 1st period - Shot by Joel Armia.
12:49 of 1st period - Stopped by Pavel Francouz without a rebound.
12:50 of 1st period - Mikael Granlund wins face-off versus Anthony Cirelli in Blues zone.
12:52 of 1st period - Icing by Michael Del Zotto.
12:53 of 1st period - Anthony Cirelli wins face-off versus Mikael Granlund in Blues zone.
12:57 of 1st period - Icing by Michael Del Zotto.
12:58 of 1st period - Mikael Granlund wins face-off versus Oliver Bjorkstrand in Blues zone.
12:58 of 1st period - Mikael Granlund is hit by Anthony Cirelli.
13:15 of 1st period - Oliver Bjorkstrand is hit by Brendan Lemieux and loses puck.
13:26 of 1st period - Shot by T.J. Oshie.
13:26 of 1st period - Stopped by Pavel Francouz without a rebound.
13:27 of 1st period - Mason Appleton wins face-off versus Steven Lorentz in Blues zone.
13:47 of 1st period - Erik Cernak is hit by Calvin de Haan and loses puck.
13:53 of 1st period - Icing by Mason Appleton.
13:54 of 1st period - Colin Blackwell wins face-off versus Ryan O'Reilly in Blues zone.
13:54 of 1st period - Anthony DeAngelo is hit by Chris Kreider and loses puck.
14:00 of 1st period - Ryan O'Reilly is hit by Anthony DeAngelo.
14:02 of 1st period - Shot by Chris Kreider.
14:02 of 1st period - Shot Blocked by Anthony DeAngelo.
14:04 of 1st period - Shot by Ryan McDonagh.
14:04 of 1st period - Stopped by Pavel Francouz without a rebound.
14:05 of 1st period - T.J. Oshie wins face-off versus Mikael Granlund in Blues zone.
14:40 of 1st period - Shot by T.J. Oshie.
14:40 of 1st period - Stopped by Pavel Francouz without a rebound.
14:41 of 1st period - Tyson Jost wins face-off versus Cedric Paquette in Blues zone.
14:47 of 1st period - Off-side.
14:48 of 1st period - Steven Stamkos wins face-off versus Evan Rodrigues in neutral zone.
14:57 of 1st period - Shot by Steven Stamkos.
14:57 of 1st period - Shot Misses the Net.
14:59 of 1st period - Shot by Ryan O'Reilly.
14:59 of 1st period - Shot Misses the Net.
15:17 of 1st period - Michael Del Zotto is hit by Chris Kreider and loses puck.
15:50 of 1st period - Shot by Mats Zuccarello.
15:50 of 1st period - Stopped by John Gibson without a rebound.
15:51 of 1st period - Alex DeBrincat wins face-off versus Cedric Paquette in Blue Jackets zone.
17:04 of 1st period - Calvin de Haan is hit by Oliver Bjorkstrand and loses puck.
17:14 of 1st period - Minor Penalty to Mike Matheson for Tripping.
17:15 of 1st period - Ross Colton wins face-off versus Oliver Bjorkstrand in Blue Jackets zone.
18:36 of 1st period - Shot by Mats Zuccarello.
18:36 of 1st period - Shot Blocked by Nikita Zaitsev.
19:09 of 1st period - Icing by Adam Fox.
19:10 of 1st period - Cedric Paquette wins face-off versus Mikael Granlund in Blues zone.
19:21 of 1st period - Shot by Steven Stamkos.
19:21 of 1st period - Goal by Steven Stamkos - Blues : 1 - Blue Jackets : 2.
19:22 of 1st period - Mason Appleton wins face-off versus Chris Kreider in neutral zone.
19:22 of 1st period - Mason Appleton is hit by Chris Kreider.
Goals for this period are 1 for Blues vs 2 for Blue Jackets.
Shots for this period are 10 for Blues vs 10 for Blue Jackets.

2nd period


0:01 of 2nd period - Tyson Jost wins face-off versus Anthony Cirelli in neutral zone.
0:10 of 2nd period - Shot by T.J. Oshie.
0:10 of 2nd period - Shot Misses the Net.
0:12 of 2nd period - Shot by Erik Cernak.
0:12 of 2nd period - Stopped by Pavel Francouz without a rebound.
0:13 of 2nd period - Mathieu Joseph wins face-off versus Evan Rodrigues in Blues zone.
0:14 of 2nd period - Shot by Ryan McDonagh.
0:14 of 2nd period - Shot Misses the Net.
0:26 of 2nd period - Shot by Connor Murphy.
0:26 of 2nd period - Stopped by John Gibson without a rebound.
0:27 of 2nd period - Tyson Jost wins face-off versus Anthony Cirelli in Blue Jackets zone.
0:30 of 2nd period - Shot by Mats Zuccarello.
0:30 of 2nd period - Shot Misses the Net.
0:46 of 2nd period - Shot by T.J. Oshie.
0:46 of 2nd period - Deflect By Anthony Cirelli.
0:46 of 2nd period - Goal by Anthony Cirelli - Blues : 1 - Blue Jackets : 3.
0:47 of 2nd period - Evan Rodrigues wins face-off versus Steven Lorentz in neutral zone.
0:55 of 2nd period - Icing by Ryan McDonagh.
0:56 of 2nd period - Mathieu Joseph wins face-off versus Tyson Jost in Blue Jackets zone.
0:58 of 2nd period - Icing by Steven Lorentz.
0:59 of 2nd period - Mike Hoffman wins face-off versus Steven Lorentz in Blue Jackets zone.
1:04 of 2nd period - Shot by Tyson Jost.
1:04 of 2nd period - Shot Blocked by Ryan McDonagh.
1:11 of 2nd period - Icing by Mathieu Joseph.
1:12 of 2nd period - Steven Lorentz wins face-off versus Mikael Granlund in Blue Jackets zone.
1:42 of 2nd period - Icing by Roman Polak.
1:43 of 2nd period - Anthony Cirelli wins face-off versus Mikael Granlund in Blues zone.
2:44 of 2nd period - Icing by Mats Zuccarello.
2:45 of 2nd period - Ryan O'Reilly wins face-off versus Tyson Jost in Blues zone.
2:46 of 2nd period - Shot by Ryan McDonagh.
2:46 of 2nd period - Shot Misses the Net.
3:16 of 2nd period - Steven Stamkos is hit by Mats Zuccarello and loses puck.
4:05 of 2nd period - Shot by Mike Matheson.
4:05 of 2nd period - Stopped by Pavel Francouz without a rebound.
4:06 of 2nd period - Anthony Cirelli wins face-off versus Mikael Granlund in Blues zone.
4:09 of 2nd period - Shot by Oliver Bjorkstrand.
4:09 of 2nd period - Stopped by Pavel Francouz without a rebound.
4:10 of 2nd period - Mikael Granlund wins face-off versus Cedric Paquette in Blues zone.
4:10 of 2nd period - Mikael Granlund is hit by Artturi Lehkonen.
4:17 of 2nd period - Artturi Lehkonen is hit by Michael Del Zotto.
4:32 of 2nd period - Cedric Paquette is hit by Roman Polak and loses puck.
4:47 of 2nd period - Shot by Joel Armia.
4:47 of 2nd period - Stopped by Pavel Francouz without a rebound.
4:48 of 2nd period - T.J. Oshie wins face-off versus Tyson Jost in Blues zone.
5:02 of 2nd period - Tyson Jost is hit by Zach Whitecloud and loses puck.
5:13 of 2nd period - Shot by Mike Hoffman.
5:13 of 2nd period - Stopped by John Gibson without a rebound.
5:14 of 2nd period - Ryan O'Reilly wins face-off versus Evan Rodrigues in Blue Jackets zone.
5:26 of 2nd period - Shot by Ryan O'Reilly.
5:26 of 2nd period - Shot Misses the Net.
5:28 of 2nd period - Shot by Chris Kreider.
5:28 of 2nd period - Stopped by Pavel Francouz without a rebound.
5:29 of 2nd period - Anthony Cirelli wins face-off versus Mason Appleton in Blues zone.
5:31 of 2nd period - T.J. Oshie is hit by Connor Murphy and loses puck.
5:34 of 2nd period - Shot by Anthony Cirelli.
5:34 of 2nd period - Shot Misses the Net.
6:04 of 2nd period - Shot by Anthony Cirelli.
6:04 of 2nd period - Deflect By T.J. Oshie.
6:04 of 2nd period - Stopped by Pavel Francouz without a rebound.
6:05 of 2nd period - Evan Rodrigues wins face-off versus Ryan O'Reilly in Blues zone.
6:24 of 2nd period - Shot by Valeri Nichushkin.
6:24 of 2nd period - Shot Blocked by David Savard.
6:26 of 2nd period - Shot by Ross Colton.
6:26 of 2nd period - Deflect By Valeri Nichushkin.
6:26 of 2nd period - Stopped by John Gibson without a rebound.
6:27 of 2nd period - Tyson Jost wins face-off versus Cedric Paquette in Blue Jackets zone.
6:28 of 2nd period - Shot by Mike Hoffman.
6:28 of 2nd period - Stopped by John Gibson without a rebound.
6:29 of 2nd period - Cedric Paquette wins face-off versus Tyson Jost in Blue Jackets zone.
6:29 of 2nd period - Cedric Paquette is hit by Tyson Jost.
6:43 of 2nd period - Shot by Joel Armia.
6:43 of 2nd period - Shot Misses the Net.
6:45 of 2nd period - Shot by Joel Armia.
6:45 of 2nd period - Stopped by Pavel Francouz with a rebound.
7:37 of 2nd period - Shot by Steven Stamkos.
7:37 of 2nd period - Shot Misses the Net.
7:39 of 2nd period - Shot by Steven Stamkos.
7:39 of 2nd period - Goal by Steven Stamkos - Blues : 1 - Blue Jackets : 4.
7:39 of 2nd period - Thomas Greiss enters game.
7:40 of 2nd period - Anthony Cirelli wins face-off versus Evan Rodrigues in neutral zone.
7:44 of 2nd period - Oliver Bjorkstrand is hit by Connor Murphy and loses puck.
8:02 of 2nd period - Shot by Anthony Cirelli.
8:02 of 2nd period - Shot Misses the Net.
8:33 of 2nd period - Off-side.
8:34 of 2nd period - Ryan O'Reilly wins face-off versus Mikael Granlund in neutral zone.
9:16 of 2nd period - Ryan McDonagh is hit by Brendan Lemieux.
9:33 of 2nd period - Shot by Mats Zuccarello.
9:33 of 2nd period - Deflect By Mike Hoffman.
9:33 of 2nd period - Shot Misses the Net.
10:47 of 2nd period - Shot by Mike Matheson.
10:47 of 2nd period - Stopped by Thomas Greiss without a rebound.
10:48 of 2nd period - Cedric Paquette wins face-off versus Mason Appleton in Blues zone.
10:49 of 2nd period - Shot by Artturi Lehkonen.
10:49 of 2nd period - Shot Blocked by Colin Blackwell.
12:40 of 2nd period - Shot by Chris Kreider.
12:40 of 2nd period - Shot Blocked by Mikael Granlund.
12:42 of 2nd period - Shot by Ryan O'Reilly.
12:42 of 2nd period - Stopped by Thomas Greiss with a rebound.
12:44 of 2nd period - Shot by Ryan O'Reilly.
12:44 of 2nd period - Shot Misses the Net.
12:46 of 2nd period - Shot by Ryan O'Reilly.
12:46 of 2nd period - Shot Misses the Net.
12:48 of 2nd period - Shot by Erik Cernak.
12:48 of 2nd period - Stopped by Thomas Greiss without a rebound.
12:49 of 2nd period - Evan Rodrigues wins face-off versus Steven Lorentz in Blues zone.
13:31 of 2nd period - Icing by Roman Polak.
13:32 of 2nd period - Ryan O'Reilly wins face-off versus Evan Rodrigues in Blues zone.
13:32 of 2nd period - Steven Stamkos is hit by Roman Polak and loses puck.
13:48 of 2nd period - Minor Penalty to Chris Kreider for Hooking.
13:49 of 2nd period - Cedric Paquette wins face-off versus Mikael Granlund in Blue Jackets zone.
14:10 of 2nd period - Shot by Oliver Bjorkstrand.
14:10 of 2nd period - Shot Misses the Net.
14:13 of 2nd period - Icing by Adam Fox.
14:14 of 2nd period - Mikael Granlund wins face-off versus Cedric Paquette in Blues zone.
14:21 of 2nd period - Shot by Adam Fox.
14:21 of 2nd period - Stopped by John Gibson without a rebound.
14:22 of 2nd period - Ross Colton wins face-off versus Steven Lorentz in Blue Jackets zone.
14:22 of 2nd period - Valeri Nichushkin is hit by Erik Cernak and loses puck.
14:29 of 2nd period - Shot by Alex DeBrincat.
14:29 of 2nd period - Stopped by John Gibson without a rebound.
14:30 of 2nd period - Cedric Paquette wins face-off versus Mikael Granlund in Blue Jackets zone.
15:04 of 2nd period - Shot by Anthony DeAngelo.
15:04 of 2nd period - Shot Misses the Net.
16:07 of 2nd period - Minor Penalty to Chris Kreider for Tripping.
16:08 of 2nd period - Steven Lorentz wins face-off versus Ross Colton in Blue Jackets zone.
16:37 of 2nd period - Minor Penalty to Cedric Paquette for Hooking.
16:38 of 2nd period - Mikael Granlund wins face-off versus Anthony Cirelli in Blue Jackets zone.
16:39 of 2nd period - Shot by Anthony DeAngelo.
16:39 of 2nd period - Stopped by John Gibson without a rebound.
16:40 of 2nd period - Mikael Granlund wins face-off versus Joel Armia in Blue Jackets zone.
16:40 of 2nd period - Calvin de Haan is hit by David Savard and loses puck.
17:05 of 2nd period - Shot by Mats Zuccarello.
17:05 of 2nd period - Stopped by John Gibson without a rebound.
17:06 of 2nd period - Ross Colton wins face-off versus Joel Armia in Blue Jackets zone.
17:30 of 2nd period - Shot by Alex DeBrincat.
17:30 of 2nd period - Shot Blocked by Joel Armia.
17:32 of 2nd period - Shot by Connor Murphy.
17:32 of 2nd period - Shot Misses the Net.
17:34 of 2nd period - Shot by Connor Murphy.
17:34 of 2nd period - Shot Blocked by Mike Matheson.
17:36 of 2nd period - Shot by Adam Fox.
17:36 of 2nd period - Shot Blocked by Joel Armia.
17:38 of 2nd period - Shot by Valeri Nichushkin.
17:38 of 2nd period - Stopped by John Gibson without a rebound.
17:39 of 2nd period - Anthony Cirelli wins face-off versus Mikael Granlund in Blue Jackets zone.
17:39 of 2nd period - Anthony Cirelli is hit by Mikael Granlund.
18:12 of 2nd period - Shot by Anthony DeAngelo.
18:12 of 2nd period - Stopped by John Gibson with a rebound.
18:14 of 2nd period - Shot by Calvin de Haan.
18:14 of 2nd period - Stopped by John Gibson without a rebound.
18:15 of 2nd period - Steven Lorentz wins face-off versus Ross Colton in Blue Jackets zone.
18:15 of 2nd period - Steven Lorentz is hit by Ross Colton.
18:57 of 2nd period - Shot by Chris Kreider.
18:57 of 2nd period - Deflect By Ryan O'Reilly.
18:57 of 2nd period - Stopped by Thomas Greiss without a rebound.
18:58 of 2nd period - Tyson Jost wins face-off versus T.J. Oshie in Blues zone.
18:58 of 2nd period - Tyson Jost is hit by T.J. Oshie.
19:08 of 2nd period - Shot by T.J. Oshie.
19:08 of 2nd period - Shot Misses the Net.
Goals for this period are 0 for Blues vs 2 for Blue Jackets.
Shots for this period are 11 for Blues vs 13 for Blue Jackets.

3rd period


0:01 of 3rd period - Ryan O'Reilly wins face-off versus Mikael Granlund in neutral zone.
0:58 of 3rd period - Icing by Ryan O'Reilly.
0:59 of 3rd period - Evan Rodrigues wins face-off versus Ryan O'Reilly in Blue Jackets zone.
0:59 of 3rd period - Evan Rodrigues is hit by David Savard.
1:32 of 3rd period - Calvin de Haan is hit by Erik Cernak and loses puck.
1:48 of 3rd period - Icing by Anthony Cirelli.
1:49 of 3rd period - Tyson Jost wins face-off versus Anthony Cirelli in Blue Jackets zone.
2:06 of 3rd period - Shot by Mike Hoffman.
2:06 of 3rd period - Stopped by John Gibson without a rebound.
2:07 of 3rd period - Cedric Paquette wins face-off versus Mikael Granlund in Blue Jackets zone.
2:20 of 3rd period - Shot by Joel Armia.
2:20 of 3rd period - Shot Misses the Net.
2:22 of 3rd period - Shot by Artturi Lehkonen.
2:22 of 3rd period - Stopped by Thomas Greiss without a rebound.
2:23 of 3rd period - Steven Lorentz wins face-off versus Tyson Jost in Blues zone.
2:40 of 3rd period - Shot by Steven Lorentz.
2:40 of 3rd period - Shot Misses the Net.
2:57 of 3rd period - Mats Zuccarello is hit by Matt Martin and loses puck.
3:01 of 3rd period - Off-side.
3:02 of 3rd period - Cedric Paquette wins face-off versus Mikael Granlund in neutral zone.
3:16 of 3rd period - Shot by Mikael Granlund.
3:16 of 3rd period - Stopped by John Gibson without a rebound.
3:17 of 3rd period - Evan Rodrigues wins face-off versus Anthony Cirelli in Blue Jackets zone.
3:18 of 3rd period - Shot by Anthony DeAngelo.
3:18 of 3rd period - Stopped by John Gibson without a rebound.
3:19 of 3rd period - Mikael Granlund wins face-off versus Anthony Cirelli in Blue Jackets zone.
3:19 of 3rd period - Adam Fox is hit by David Savard and loses puck.
3:22 of 3rd period - Shot by Mikael Granlund.
3:22 of 3rd period - Shot Misses the Net.
3:24 of 3rd period - Shot by Mikael Granlund.
3:24 of 3rd period - Goal by Mikael Granlund - Blues : 2 - Blue Jackets : 4.
3:25 of 3rd period - Mikael Granlund wins face-off versus Anthony Cirelli in neutral zone.
5:43 of 3rd period - Shot by Mike Hoffman.
5:43 of 3rd period - Shot Misses the Net.
5:57 of 3rd period - Roman Polak is hit by Cedric Paquette and loses puck.
6:02 of 3rd period - Shot by Artturi Lehkonen.
6:02 of 3rd period - Shot Misses the Net.
6:04 of 3rd period - Shot by Cedric Paquette.
6:04 of 3rd period - Shot Misses the Net.
6:17 of 3rd period - Icing by Roman Polak.
6:18 of 3rd period - Tyson Jost wins face-off versus Steven Lorentz in Blues zone.
7:59 of 3rd period - Minor Penalty to Erik Cernak for High sticking.
8:00 of 3rd period - Anthony Cirelli wins face-off versus Mikael Granlund in Blue Jackets zone.
8:23 of 3rd period - Shot by Adam Fox.
8:23 of 3rd period - Stopped by John Gibson without a rebound.
8:24 of 3rd period - Ross Colton wins face-off versus Cedric Paquette in Blue Jackets zone.
8:45 of 3rd period - Shot by Nikita Zaitsev.
8:45 of 3rd period - Shot Blocked by Calvin de Haan.
9:10 of 3rd period - Icing by Connor Murphy.
9:11 of 3rd period - Artturi Lehkonen wins face-off versus Mikael Granlund in Blues zone.
9:30 of 3rd period - Zach Whitecloud is hit by Mike Hoffman and loses puck.
9:41 of 3rd period - Icing by Adam Fox.
9:42 of 3rd period - Mikael Granlund wins face-off versus Cedric Paquette in Blues zone.
10:05 of 3rd period - Shot by Chris Kreider.
10:05 of 3rd period - Shot Misses the Net.
10:07 of 3rd period - Shot by Zach Whitecloud.
10:07 of 3rd period - Deflect By Steven Stamkos.
10:07 of 3rd period - Shot Hit the Post.
10:23 of 3rd period - Shot by Chris Kreider.
10:23 of 3rd period - Shot Misses the Net.
10:25 of 3rd period - Shot by Mike Matheson.
10:25 of 3rd period - Stopped by Thomas Greiss without a rebound.
10:26 of 3rd period - T.J. Oshie wins face-off versus Evan Rodrigues in Blues zone.
10:51 of 3rd period - Shot by Oliver Bjorkstrand.
10:51 of 3rd period - Stopped by Thomas Greiss without a rebound.
10:52 of 3rd period - Ryan O'Reilly wins face-off versus Mason Appleton in Blues zone.
11:37 of 3rd period - Shot by Steven Stamkos.
11:37 of 3rd period - Stopped by Thomas Greiss without a rebound.
11:38 of 3rd period - Mikael Granlund wins face-off versus Anthony Cirelli in Blues zone.
12:18 of 3rd period - Icing by Connor Murphy.
12:19 of 3rd period - Cedric Paquette wins face-off versus Mikael Granlund in Blues zone.
12:19 of 3rd period - Cedric Paquette is hit by Connor Murphy.
12:53 of 3rd period - Mike Matheson is hit by Tyson Jost and loses puck.
13:10 of 3rd period - Calvin de Haan is hit by Artturi Lehkonen and loses puck.
13:20 of 3rd period - Artturi Lehkonen is hit by Tyson Jost and loses puck.
14:39 of 3rd period - Shot by Oliver Bjorkstrand.
14:39 of 3rd period - Stopped by Thomas Greiss without a rebound.
14:40 of 3rd period - Anthony Cirelli wins face-off versus Mikael Granlund in Blues zone.
15:11 of 3rd period - Shot by Anthony Cirelli.
15:11 of 3rd period - Shot Misses the Net.
15:59 of 3rd period - Shot by Mike Hoffman.
15:59 of 3rd period - Shot Blocked by Mike Matheson.
16:01 of 3rd period - Shot by Anthony DeAngelo.
16:01 of 3rd period - Stopped by John Gibson without a rebound.
16:02 of 3rd period - Evan Rodrigues wins face-off versus Ryan O'Reilly in Blue Jackets zone.
16:17 of 3rd period - Shot by Chris Kreider.
16:17 of 3rd period - Stopped by Thomas Greiss without a rebound.
16:18 of 3rd period - Cedric Paquette wins face-off versus Tyson Jost in Blues zone.
16:23 of 3rd period - Shot by Cedric Paquette.
16:23 of 3rd period - Deflect By Joel Armia.
16:23 of 3rd period - Shot Misses the Net.
16:59 of 3rd period - Shot by Mike Hoffman.
16:59 of 3rd period - Shot Misses the Net.
17:14 of 3rd period - Icing by Calvin de Haan.
17:15 of 3rd period - T.J. Oshie wins face-off versus Tyson Jost in Blues zone.
18:21 of 3rd period - Icing by Mike Matheson.
18:22 of 3rd period - Ryan O'Reilly wins face-off versus Mikael Granlund in Blue Jackets zone.
19:30 of 3rd period - Ryan McDonagh is hit by Valeri Nichushkin and loses puck.
19:52 of 3rd period - Ross Colton is hit by David Savard and loses puck.
Goals for this period are 1 for Blues vs 0 for Blue Jackets.
Shots for this period are 6 for Blues vs 6 for Blue Jackets.